 Dungeon Crawl Stone Soup version 0.16-a0-3458-g6d2551d (webtiles) character file.

248 NewYearsCrawler the Chopper (level 6, -4/47 HPs)
             Began as a Formicid Fighter on Jan 1, 2015.
             Slain by NewYearsCrawler's ghost (13 damage)
             ... on level 4 of the Dungeon.
             The game lasted 00:05:58 (2953 turns).

NewYearsCrawler the Chopper (Formicid Fighter)      Turns: 2953, Time: 00:05:59

Health: -4/47      AC:  6    Str: 22    XL:     6   Next: 34%
Magic:  8/8        EV:  8    Int:  8    God:
Gold:   132        SH:  9    Dex: 10    Spells: 0 memorised, 5 levels left

rFire  . . .     SeeInvis +     a - +1 war axe
rCold  + . .     Clarity  .     h - +0 scale mail {rC+}
rNeg   . . .     SustAb   .     c - +0 shield
rPois  .         Gourm    .     (helmet unavailable)
rElec  .         Spirit   .     (no cloak)
rCorr  .         Warding  .     (no gloves)
rMut   +         Stasis   +     (no boots)
MR     .....                    j - amulet of resist mutation
Stlth  ..........               (no ring)
                                (no ring)

@: not resistant to hostile enchantments, extremely unstealthy
A: permanent stasis, dig shafts and tunnels, four strong arms, antennae 3
a: Dig, Shaft Self


You were on level 4 of the Dungeon.
You were not hungry.

You visited 1 branch of the dungeon, and saw 4 of its levels.

You collected 132 gold pieces.

Inventory:

Hand weapons
 a - a +1 war axe (weapon)
Armour
 c - a +0 shield (worn)
 e - a +0 large shield
 h - a +0 scale mail of cold resistance (worn)
Jewellery
 j - an amulet of resist mutation (around neck)
Magical devices
 o - a wand of flame (35)
Scrolls
 b - a scroll of identify
 i - 2 scrolls of remove curse
 l - a scroll of amnesia {unknown}
 p - a scroll of enchant weapon
Potions
 f - a potion of curing
Comestibles
 d - 4 bread rations
 m - a meat ration
 n - a chunk of flesh


   Skills:
 - Level 3.2 Fighting
 + Level 6.0 Axes
 - Level 3.2 Armour
 + Level 4.2 Shields


You had 5 spell levels left.
You didn't know any spells.

Dungeon Overview and Level Annotations

Branches:
Dungeon (4/15)
 Temple: D:4-7

Altars:
Kikubaaqudgha
Trog

Annotations:
D:4 NewYearsCrawler's ghost, average FoFi


Innate Abilities, Weirdness & Mutations

You are under a permanent stasis effect.
You can dig through walls and to a lower floor.
Your four strong arms can wield two-handed weapons with a shield.
You have a pair of large antennae on your head (SInv).


Message History

Drink which item? (? for menu, Esc to quit)
You feel better. NewYearsCrawler's ghost hits you!
You slash NewYearsCrawler's ghost!
NewYearsCrawler's ghost is severely damaged.
You block NewYearsCrawler's ghost's attack.
You completely miss NewYearsCrawler's ghost.
NewYearsCrawler's ghost is severely damaged.
NewYearsCrawler's ghost hits you but does no damage.
You slash NewYearsCrawler's ghost!
NewYearsCrawler's ghost is almost destroyed.
NewYearsCrawler's ghost hits you but does no damage.
NewYearsCrawler's ghost hits you!
You hit NewYearsCrawler's ghost but do no damage.
NewYearsCrawler's ghost is almost destroyed.
NewYearsCrawler's ghost hits you!
* * * LOW HITPOINT WARNING * * *
You hit NewYearsCrawler's ghost.
NewYearsCrawler's ghost is almost destroyed.
NewYearsCrawler's ghost hits you!
You die...

.######### .# .# ### .#
..# .# #.# .####### #.#
.......# #Z# .###.#.#
#W# .###.#.# #@#
.......#########.#
.................######
..##.#............?...#
..##.#.##############.#
.. #.#.# . ..#.# ###.#
#.#


You could see NewYearsCrawler's ghost and a giant gecko skeleton.

Vanquished Creatures
  The ghost of NewYearsCrawler the Chopper, an average FoFi (D:3)
  An iguana (D:4)
  A worker ant (D:4)
  7 adders
  2 worms
  An ooze (D:1)
  An orc (D:4)
  3 ball pythons
  5 bats
  6 goblins
  12 hobgoblins
  9 kobolds
  A quokka (D:4)
  4 giant cockroaches
  2 giant geckos
  A giant gecko skeleton (D:4)
  6 giant newts
  A jackal skeleton (D:4)
  A rat (D:2)
65 creatures vanquished.

Notes
Turn   | Place    | Note
--------------------------------------------------------------
     0 | D:1      | NewYearsCrawler, the Formicid Fighter, began the quest for the Orb.
     0 | D:1      | Reached XP level 1. HP: 18/18 MP: 1/1
   133 | D:1      | Reached XP level 2. HP: 22/24 MP: 3/3
   731 | D:2      | Reached XP level 3. HP: 14/29 MP: 4/4
  1030 | D:2      | Reached skill level 4 in Axes
  1030 | D:2      | Reached XP level 4. HP: 33/35 MP: 5/5
  1683 | D:3      | Noticed NewYearsCrawler's ghost (average FoFi)
  1702 | D:3      | Killed NewYearsCrawler's ghost
  1702 | D:3      | Reached skill level 5 in Axes
  1702 | D:3      | Reached XP level 5. HP: 8/41 MP: 7/7
  2155 | D:2      | Found an ancient bone altar of Kikubaaqudgha.
  2158 | D:2      | Reached XP level 6. HP: 45/47 MP: 8/8
  2638 | D:4      | Reached skill level 6 in Axes
  2838 | D:4      | Found a bloodstained altar of Trog.
  2929 | D:4      | Noticed NewYearsCrawler's ghost (average FoFi)
  2953 | D:4      | Slain by NewYearsCrawler's ghost

Action                   |  1- 3 |  4- 6 || total
-------------------------+-------+-------++-------
Melee: War axe           |   116 |   159 ||   275
 Abil: Dig               |       |     7 ||     7
  Use: Potion            |     3 |     6 ||     9
       Scroll            |       |     7 ||     7
  Eat: Chunk             |     1 |     7 ||     8
